 Dungeon Crawl Stone Soup version 0.29-a0-575-g0dc89cf053 (webtiles) character file.

Game seed: 14516405965690921915

2 DocClef the Covert (level 1, 0/23 HPs)
             Began as a Gnoll Delver on June 12, 2022.
             Slain by a jackal (1 damage)
             ... on level 5 of the Dungeon.
             The game lasted 00:00:06 (33 turns).

DocClef the Covert (Gnoll Delver)                     Turns: 33, Time: 00:00:06

Health: 0/23       AC:  3    Str: 11    XL:     1   Next: 40%
Magic:  1/1        EV: 13    Int:  9    God:
Gold:   22         SH:  0    Dex: 13    Spells: 0/0 levels left

rFire   . . .      SeeInvis .   a - +0 short sword
rCold   . . .      Faith    .   (no shield)
rNeg    . . .      Spirit   .   b - +0 leather armour
rPois   .          Reflect  .   (no helmet)
rElec   .          Harm     .   (no cloak)
rCorr   .          Rampage  .   (no gloves)
Will    .....                   (no boots)
Stlth   ++++......              (no amulet)
HPRegen 0.07/turn               (no ring)
MPRegen 0.07/turn               (no ring)

@: no status effects
A: fangs 1, strong nose, distributed training
a: no special abilities


You were on level 5 of the Dungeon.
You visited 1 branch of the dungeon, and saw 1 of its levels.

You collected 22 gold pieces.

Inventory:

Hand Weapons
 a - a +0 short sword (weapon)
Armour
 b - a +0 leather armour (worn)
Wands
 g - a wand of digging (3)
Scrolls
 c - a scroll of fog
 d - a scroll of magic mapping
 e - a scroll of fear
Potions
 f - a potion of haste


   Skills:
 + Level 6.4 Fighting
 + Level 4.4 Short Blades
 + Level 0.0 Long Blades
 + Level 0.0 Axes
 + Level 0.0 Maces & Flails
 + Level 0.0 Polearms
 + Level 0.0 Staves
 + Level 0.0 Slings
 + Level 0.0 Bows
 + Level 0.0 Crossbows
 + Level 0.0 Throwing
 + Level 0.0 Armour
 + Level 4.4 Dodging
 + Level 9.5 Stealth
 + Level 0.0 Shields
 + Level 0.0 Unarmed Combat
 + Level 0.0 Spellcasting
 + Level 0.0 Conjurations
 + Level 0.0 Hexes
 + Level 0.0 Summonings
 + Level 0.0 Necromancy
 + Level 0.0 Translocations
 + Level 0.0 Transmutations
 + Level 0.0 Fire Magic
 + Level 0.0 Ice Magic
 + Level 0.0 Air Magic
 + Level 0.0 Earth Magic
 + Level 0.0 Poison Magic
 + Level 0.1 Invocations
 + Level 0.0 Evocations


You couldn't memorise any spells.
You didn't know any spells.
Your spell library was empty.

Dungeon Overview and Level Annotations

Branches:
Dungeon (5/15)
 Temple: D:4-7

Altars:


Innate Abilities, Weirdness & Mutations

You have very sharp teeth.
Your uncanny sense of smell can sniff out nearby items.
Your experience applies equally to all skills.


Message History

The jackal bites you. The jackal barely misses you.
The ufetubus hits you but does no damage.
The ufetubus closely misses you.
You hit the jackal. You bite the jackal, but do no damage.
The jackal is almost dead.
The jackal bites you but does no damage.
The jackal barely misses you. The jackal completely misses you.
The ufetubus closely misses you.
The ufetubus hits you but does no damage.
You hit the jackal.
You kill the jackal!
The jackal bites you.
The jackal bites you but does no damage.
The ufetubus hits you. The ufetubus closely misses you.
The jackal bites you but does no damage.
The jackal attacks as you move away! The jackal completely misses you.
The ufetubus hits you but does no damage.
The ufetubus misses you.
The jackal bites you but does no damage.
The ufetubus hits you.
* * * LOW HITPOINT WARNING * * *
The ufetubus hits you but does no damage.
The jackal barely misses you.
You see here a jackal corpse.
You barely miss the ufetubus.
The ufetubus is lightly wounded.
The ufetubus misses you. The ufetubus barely misses you.
The jackal bites you but does no damage.
The jackal closely misses you.
You hit the ufetubus.
The ufetubus is severely wounded.
The ufetubus hits you.
* * * LOW HITPOINT WARNING * * *
The ufetubus misses you. The jackal closely misses you.
The jackal bites you but does no damage.
The ufetubus barely misses you. The ufetubus misses you.
You miss the ufetubus. Your bite misses the ufetubus.
The ufetubus is severely wounded.
The jackal barely misses you. The jackal bites you.
You die...

..... ...# #
#.##..... ...## .#
...#..... #...##.###
........###........#
....................
...................#
#...............#!..
............5h......
$.......$..h@..#...
............#.......
...........######..#
....#.......# ##
....##...#.....
#.......###....
..##....###...#.
.......>#.##..#
..............#


You could see an ufetubus and 2 jackals.

Vanquished Creatures
  2 jackals (D:5)
2 creatures vanquished.

Notes
Turn   | Place    | Note
-------+----------+-------------------------------------------
     0 | D:5      | Reached skill level 9 in Stealth
     0 | D:5      | DocClef the Gnoll Delver began the quest for the Orb.
     0 | D:5      | Reached XP level 1. HP: 23/23 MP: 1/1
    32 | D:5      | HP: 1/23 [ufetubus (4)]
    33 | D:5      | Slain by a jackal

Illustrated notes

Levels and vault maps discovered:
D:5:      layout_cave_pools, minmay_temple_entry_hall, serial_shops,
          nicolae_take_the_stairs, shop, nicolae_shop_behind_doors,
          uniq_duvessa, uniq_menkaure

Skill      XL: | |
---------------+-+-----
Stealth        | |  9.5
Fighting       | |  6.4
Short Blades   | |  4.4
Dodging        | |  4.4
Invocations    | |  0.1

Action                   || total
-------------------------++-------
Melee: Short sword       ||    13
       Bite              ||     1
Armor: Leather armour    ||    13
Dodge: Dodged            ||    34

Table legend: (Time is in decaauts)
 A = Elapsed time spent in this place.
 B = Non-inter-level travel time spent in this place.
 C = Inter-level travel time spent in this place.
 D = Time resting spent in this place.
 E = Time spent auto-exploring this place.
 F = Levels seen in this place.
 G = Mean time per level.
                   A        B        C        D        E       F      G
               +--------+--------+--------+--------+--------+-----+--------+
         Total |     31 |     31 |      0 |      0 |     14 |   1 |   31.0 |
       Dungeon |     31 |     31 |      0 |      0 |     14 |   1 |   31.0 |
               +--------+--------+--------+--------+--------+-----+--------+

Top non-repeatable levels by time:
     D:5: 31 daAuts
